 Dungeon Crawl Stone Soup version 0.29.1-15-g9cfb28693d (webtiles) character file.

Game seed: 15685248334401074870

49 Heoruswealwe the Digger (level 3, -2/19 HPs)
             Began as a Deep Elf Earth Elementalist on Mar 19, 2023.
             Slain by Terence
             ... wielding a +0 short sword
              (4 damage)
             ... on level 2 of the Dungeon.
             The game lasted 00:08:08 (619 turns).

Heoruswealwe the Digger (DEEE)                       Turns: 619, Time: 00:08:11

Health: -2/19      AC:  2    Str:  5    XL:     3   Next: 51%
Magic:  5/10       EV: 12    Int: 21    God:
Gold:   34         SH:  0    Dex: 15    Spells: 3/9 levels left

rFire   . . .      SeeInvis .   a - +0 short sword
rCold   . . .      Faith    .   (no shield)
rNeg    . . .      Spirit   .   b - +0 robe
rPois   .          Reflect  .   (no helmet)
rElec   .          Harm     .   (no cloak)
rCorr   .          Rampage  .   (no gloves)
Will    .....                   (no boots)
Stlth   ++........              (no amulet)
HPRegen 0.06/turn               (no ring)
MPRegen 0.12/turn               (no ring)

@: no status effects
A: no striking features
a: no special abilities


You were on level 2 of the Dungeon.
You visited 1 branch of the dungeon, and saw 2 of its levels.

You collected 34 gold pieces.

Inventory:

Hand Weapons
 a - a +0 short sword (weapon)
Armour
 b - a +0 robe (worn)
Scrolls
 d - a scroll of identify {unknown}
 e - 2 scrolls of noise {unknown}
Potions
 c - a potion of haste {unknown}
 f - a potion of curing {unknown}


   Skills:
 - Level 2.4 Dodging
 - Level 2.4 Stealth
 + Level 3.5 Spellcasting
 + Level 1.3 Conjurations
 + Level 1.9 Transmutations
 * Level 4.1 Earth Magic


You had 3 spell levels left.
You knew the following spells:

 Your Spells              Type           Power      Damage    Failure   Level
a - Sandblast             Erth           42%        2d11      2%          1
b - Passwall              Tmut/Erth      13%        N/A       5%          2
c - Stone Arrow           Conj/Erth      30%        3d8       12%         3

Your spell library contained the following spells:

 Spells                   Type           Power      Damage    Failure   Level
 Petrify                  Tmut/Erth      16%        N/A       34%         4


Dungeon Overview and Level Annotations

Branches:
Dungeon (2/15)

Altars:

Annotations:
D:2 Terence


Message History

Increase (S)trength, (I)ntelligence, or (D)exterity?
You feel clever. x2
The blast of sand hits the rat!!
You kill the rat!
This spell is extremely dangerous to cast!
Memorise Stone Arrow, consuming 3 spell levels and leaving 3?
You start memorising the spell.
You continue memorising. x3
You finish memorising.
Spell assigned to 'c'.
You see here the felid corpse of Natasha.
Found 11 gold pieces.
Found a stone staircase leading up.
Found 8 stones.
Found a ring mail.
You see here 8 stones.
You see here a +0 ring mail.
Terence the Incautious comes into view.
He is wielding a +0 short sword.
Terence shouts!
The blast of sand hits Terence.
Terence is lightly wounded.
The blast of sand hits Terence!
Terence is heavily wounded.
The blast of sand hits Terence but does no damage.
Terence is heavily wounded.
Terence hits you with a +0 short sword! Terence hits you with a +0 short sword.
* * * LOW HITPOINT WARNING * * *
You are too injured to fight recklessly!
Casting: Sandblast (safe; 2% risk of failure)
Confirm with . or Enter, or press ? or * to list all spells.
Aiming: Sandblast (safe; 2% risk of failure)
Press: ? - help, Shift-Dir - straight line, f/p - Terence
Aim: Terence, wielding a +0 short sword and wearing a +0 scale mail (heavily wounded, 85% to hit)
The blast of sand misses Terence.
Terence closely misses you.
Casting: Sandblast (safe; 2% risk of failure)
Confirm with . or Enter, or press ? or * to list all spells.
Aiming: Sandblast (safe; 2% risk of failure)
Press: ? - help, Shift-Dir - straight line, f/p - Terence
Aim: Terence, wielding a +0 short sword and wearing a +0 scale mail (heavily wounded, 85% to hit)
The blast of sand hits Terence.
Terence is severely wounded.
Terence hits you with a +0 short sword.
You die...

#..# #.# #..###....
#####.........
#....[.......#
#(..##.###### #
##.#.##.#
#.##....##.# #####
#....#.....###...#
####..........@..#
######.########@..#
#......# ........
#.####.# #.#.###..#
#.# #.# #. .# ##
#.# #.## #. .# #.#
#..# #. .# #.# ##.#
#. .. #.# #.#


You could see Terence.

Vanquished Creatures
  Natasha (D:2)
  3 endoplasms (D:1)
  2 giant cockroaches (D:1)
  3 goblins (D:1)
  A hobgoblin (D:1)
  4 jackals (D:1)
  A kobold (D:1)
  A ball python (D:1)
  2 bats (D:1)
  2 frilled lizards (D:1)
  3 rats
23 creatures vanquished.

Notes
Turn   | Place    | Note
-------+----------+-------------------------------------------
     0 | D:1      | Heoruswealwe the Deep Elf Earth Elementalist began the
                  | quest for the Orb.
     0 | D:1      | Reached XP level 1. HP: 10/10 MP: 6/6
   116 | D:1      | Reached XP level 2. HP: 6/15 MP: 4/8
   278 | D:1      | Learned a level 2 spell: Passwall
   474 | D:1      | Reached skill level 1 in Conjurations
   560 | D:2      | Noticed Natasha
   562 | D:2      | Killed Natasha
   563 | D:2      | Reached skill level 4 in Earth Magic
   563 | D:2      | Reached XP level 3. HP: 11/19 MP: 7/10
   568 | D:2      | Learned a level 3 spell: Stone Arrow
   613 | D:2      | Noticed Terence
   619 | D:2      | Slain by Terence

Illustrated notes

Levels and vault maps discovered:
D:1:      psy_arrival_basics, layout_basic
D:2:      layout_loops_ring, dreamdust_ecumenical_altar_drowned_temple,
          roderic_serpentine_path, chequers_garden, grunt_ministairs_5,
          kennysheep_pointless_box, chequers_serial_rivers_marsh, uniq_natasha,
          uniq_terence, uniq_crazy_yiuf_cottage

Skill      XL: |  1  2 |
---------------+-------+-----
Conjurations   | 1 |  1.3
Earth Magic    | 4 |  4.1
Dodging        | |  2.4
Stealth        | |  2.4
Spellcasting   | |  3.5
Transmutations | |  1.9

Action                   || total
-------------------------++-------
 Cast: Sandblast         ||    37
  Use: Potion            ||     1
Armor: Robe              ||     3
Dodge: Dodged            ||    15
